[Event "Late-Titled-Tuesday-Blitz-April-02-2024"]
[Site "Chess.com"]
[Date "2024.04.02"]
[Round "8"]
[White "KVAIDAN"]
[Black "Balla_Tamas"]
[Result "0-1"]
[WhiteElo "2328"]
[BlackElo "2513"]
[TimeControl "180+1"]
[EndTime "15:24:51 PDT"]
[Termination "Balla_Tamas won by checkmate"]

1. f4 e5 2. d3 exf4 3. Bxf4 d5 4. Nf3 Nf6 5. Nc3 d4 6. Ne4 Nxe4 7. dxe4 Nc6 8. e3 Bb4+ 9. Kf2 dxe3+ 10. Bxe3 Qe7 11. Qd5 O-O 12. Bb5 Bg4 13. Bxc6 bxc6 14. Qxc6 Bxf3 15. gxf3 Qh4+ 16. Ke2 Rad8 17. c3 Bd6 18. Rag1 f5 19. Bd4 Rf7 20. Qd5 Kf8 21. e5 Bxe5 22. Qc5+ Bd6 23. Qxa7 Re8+ 24. Kd3 c5 25. Bxc5 Rxa7 26. Bxa7 Qe7 27. Bb6 Qe2+ 28. Kd4 Qe3+ 29. Kd5 Qxb6 30. Re1 Qc5# 0-1

[Event "Late-Titled-Tuesday-Blitz-April-02-2024"]
[Site "Chess.com"]
[Date "2024.04.02"]
[Round "8"]
[White "BabageldiAnnaberdiyev"]
[Black "cthulhuuu"]
[Result "1-0"]
[WhiteElo "2590"]
[BlackElo "2461"]
[TimeControl "180+1"]
[EndTime "15:24:52 PDT"]
[Termination "BabageldiAnnaberdiyev won on time"]

1. e4 d6 2. d4 Nf6 3. Nc3 c6 4.
a4 e5 5. Nf3 Qc7 6. Bc4 Be7 7.
O-O O-O 8. Re1 Nbd7 9. h3 b6 10.
Bg5 a6 11. d5 c5 12. Qe2 Qd8 13. Nh4 h6 14. Be3 Nb8 15. Nf5 Bxf5 16. exf5 Nh7 17.
Ne4 Ng5 18. Bxg5 Bxg5 19. Qg4 Qe7 20. g3 Nd7 21. Qe2 a5 22. h4 Bf6 23. Bb5 Rad8 24. Qg4 Kh7 25. Bxd7 Rxd7 26. c4 g6 27. Ra3 Bg7 28.
Rf3 Rdd8 29. f6 1-0

[Event "Late-Titled-Tuesday-Blitz-April-02-2024"]
[Site "Chess.com"]
[Date "2024.04.02"]
[Round "8"]
[White "Cambek64"]
[Black "Defend1r"]
[Result "0-1"]
[WhiteElo "2511"]
[BlackElo "2653"]
[TimeControl "180+1"]
[EndTime "15:24:54 PDT"]
[Termination "Defend1r won by resignation"]

1. d4 Nf6 2. Nf3 e6 3. Bf4 d5 4. e3 Bd6 5. Bxd6 Qxd6 6. Nbd2 c5 7. c3 b6 8. Bb5+ Bd7 9. Bxd7+ Nbxd7 10. O-O O-O 11.
Qe2 e5 12. dxe5 Nxe5 13. Nxe5 Qxe5 14. Nf3 Qe6 15. Rfd1 Rad8 16. h3 Ne4 17. Nd2 f5 18.
Rac1 g6 19. c4 d4 20. exd4 Rxd4 21. Nxe4 fxe4 22. Rc2 Rfd8 23. Re1 Qf5 24. b3 a5 25. Qe3 a4 26. bxa4 Re8 27. Rb2 Re6 28. f3 Rd3 29.
Qe2 e3 30. a5 bxa5 31. Rb8+ Kg7 32. Qb2+ Kh6 33. Rb3 Rd2 34. Rbxe3 Rxb2 35. Rxe6 Qc2 0-1

[Event "Late-Titled-Tuesday-Blitz-April-02-2024"]
[Site "Chess.com"]
[Date "2024.04.02"]
[Round "8"]
[White "ellennilssen"]
[Black "AllStarShark"]
[Result "1/2-1/2"]
[WhiteElo "2362"]
[BlackElo "2520"]
[TimeControl "180+1"]
[EndTime "15:24:56 PDT"]
[Termination "Game drawn by repetition"]

1. Nf3 Nf6 2. b3 d6 3. Bb2 e5 4. d3 g6 5. Nbd2 Bg7 6. g3 O-O 7. Bg2 Nc6 8. O-O Bd7 9. e3 Nh5 10. d4 f5 11. dxe5 dxe5 12. e4 fxe4 13. Nxe4 Bg4 14. Qxd8 Raxd8 15. Nfd2 Nd4 16. c3 Nc6 17. f3 Bf5 18. Rad1 Bh6 19. Bc1 Be3+ 20. Kh1 Nf6 21. Nxf6+ Rxf6 22. Ne4 Bxe4 23. fxe4 Rxd1 24. Rxd1 Bxc1 25.
Rxc1 Rf2 26. a4 a5 27. Bf1 Kf7 28. Bc4+ Ke7 29. Kg1 Rd2 30. Rf1 Nd8 31. Rf2 Rd1+ 32. Rf1 Rd2 33. Rf2 Rd1+ 34. Rf1 Rd2 1/2-1/2

[Event "Late-Titled-Tuesday-Blitz-April-02-2024"]
[Site "Chess.com"]
[Date "2024.04.02"]
[Round "8"]
[White "Bryanl106"]
[Black "SultaiC"]
[Result "1-0"]
[WhiteElo "2683"]
[BlackElo "2514"]
[TimeControl "180+1"]
[EndTime "15:24:59 PDT"]
[Termination "Bryanl106 won by checkmate"]

1. e4 c5 2. Nf3 d6 3. d4 cxd4 4. Nxd4 Nf6 5. Nc3 a6 6. h4 e6 7.
g4 Be7 8. g5 Nfd7 9. Be3 Nc6 10. Qd2 Nde5 11. Be2 Bd7 12. f4 Nxd4 13. Bxd4 Nc6 14.
Bxg7 Rg8 15. Bh6 b5 16. Bh5 b4 17. Ne2 Rc8 18. O-O-O Qc7 19. Kb1 a5 20. Rhf1 a4 21.
f5 Ne5 22. Nd4 a3 23. fxe6 Bxe6 24. Nxe6 Qc4 25. Nd4 axb2 26. Be2 Qc5 27. Bb5+ Kd8 28. Rxf7 Rg6 29. h5 Nc4 30. Bxc4 Qxc4 31. hxg6 Ra8 32.
Nb3 Qa6 33. Na5 Qxa5 34. Qd5 Qa4 35. Qb3 Qc6 36. gxh7 Kd7 37. Bf8 Rxf8 38. Rxf8 Bxf8 39. h8=Q d5 40. Qxf8 Kc7 41. Qg3+ Kb6 42. Qfb8+ Kc5 43. Rxd5+ Qxd5 44. exd5 b3 45. Qbc7+ Kd4 46. Qge5# 1-0

[Event "Late-Titled-Tuesday-Blitz-April-02-2024"]
[Site "Chess.com"]
[Date "2024.04.02"]
[Round "8"]
[White "newauto"]
[Black "Bala-Afiada"]
[Result "1-0"]
[WhiteElo "2196"]
[BlackElo "1958"]
[TimeControl "180+1"]
[EndTime "15:25:02 PDT"]
[Termination "newauto won on time"]

1. e4 c5 2. f4 Nc6 3. Nf3 d6 4.
Bc4 e6 5. d3 g6 6. Nc3 Bg7 7. f5 exf5 8. Rg1 fxe4 9. dxe4 Nge7 10. Bg5 Be6 11. Nd5 Bxd5 12. exd5 Ne5 13. Bb5+ Nd7 14.
Qe2 a6 15. Bd3 Ne5 16. Nxe5 Bxe5 17. O-O-O Qb6 18. c3 f6 19. Bh6 O-O-O 20. g3 Nxd5 21. Qg4+ Kb8 22. Bc4 Nxc3 23. bxc3 Bxc3 24. Bb3 c4 25. Qxc4 Rc8 26. Qd3 Be5+ 27. Kb1 Qb5 28. Qxb5 axb5 29. Bf4 Bxf4 30. gxf4 d5 31. Rxd5 Rhe8 32.
Rg2 f5 33. Rgd2 Re1+ 34. Kb2 Rcc1 35. Ka3 Ka7 36. Rd7 Ka6 37. Kb4 Rb1 38. R2d6+ Ka7 39. Rxh7 Re4+ 40. Kxb5 Rb2 41. Rdd7 Rxf4 42. Rxb7+ Ka8 43.
Rbg7 Rb4+ 44. Kxb4 Rxb3+ 45. Kxb3 1-0

[Event "Late-Titled-Tuesday-Blitz-April-02-2024"]
[Site "Chess.com"]
[Date "2024.04.02"]
[Round "8"]
[White "RaugintaBulba"]
[Black "gorgeous1083"]
[Result "1-0"]
[WhiteElo "2426"]
[BlackElo "2253"]
[TimeControl "180+1"]
[EndTime "15:25:03 PDT"]
[Termination "RaugintaBulba won by checkmate"]

1. d4 Nf6 2. c4 e6 3. Nf3 d5 4.
g3 Be7 5. Bg2 c6 6. O-O O-O 7. Qc2 Nbd7 8. Nbd2 b6 9. e4 dxe4 10. Nxe4 Bb7 11. Rd1 Rc8 12. Bf4 Nxe4 13. Qxe4 Nf6 14. Qc2 Ba8 15. c5 Nd5 16. Ne5 Qe8 17.
a3 f6 18. Nd3 Bb7 19. Re1 Qf7 20. Bh3 f5 21. Ne5 Qh5 22. Bg2 g5 23. Bd2 f4 24. Nd7 Rf7 25. Rxe6 f3 26. Bf1 g4 27. Rh6 Qf5 28. Bd3 Qxd7 29. Bxh7+ Kf8 30. Bg6 Rg7 31.
Rh8+ Rg8 32. Bh6# 1-0

[Event "Late-Titled-Tuesday-Blitz-April-02-2024"]
[Site "Chess.com"]
[Date "2024.04.02"]
[Round "8"]
[White "Onthequiet"]
[Black "rhwr"]
[Result "1-0"]
[WhiteElo "2432"]
[BlackElo "2290"]
[TimeControl "180+1"]
[EndTime "15:25:05 PDT"]
[Termination "Onthequiet won on time"]

1. d4 c5 2. e3 d5 3. Nf3 Nc6 4.
h3 Nf6 5. a3 e6 6. dxc5 Bxc5 7. b4 Be7 8. Bb2 O-O 9. Nbd2 a6 10. c4 dxc4 11. Bxc4 b5 12. Ba2 Bb7 13. Qe2 Rc8 14. O-O Qb6 15. Ng5 h6 16. Nge4 Nxe4 17. Nxe4 Nxb4 18. Qg4 g6 19. axb4 Kh7 20. Nf6+ Bxf6 21.
Bxf6 Rc2 22. Bb1 Rc4 23. Qg3 Rfc8 24. Be7 Qc6 25. Bc5 h5 26. Bd3 Rc3 27. Be2 Qd5 28.
Bf3 Qd7 29. Bxb7 Qxb7 30. Qf3 Rc6 31. Rfd1 a5 32. Rd6 1-0

[Event "Late-Titled-Tuesday-Blitz-April-02-2024"]
[Site "Chess.com"]
[Date "2024.04.02"]
[Round "8"]
[White "ATM622"]
[Black "jcmesafischer"]
[Result "1-0"]
[WhiteElo "2518"]
[BlackElo "2373"]
[TimeControl "180+1"]
[EndTime "15:25:08 PDT"]
[Termination "ATM622 won on time"]

1. d4 Nf6 2. c4 e6 3. g3 d5 4.
Bg2 Be7 5. Nf3 O-O 6. O-O dxc4 7. Ne5 Nc6 8. Bxc6 bxc6 9. Nxc6 Qe8 10. Nxe7+ Qxe7 11. Qc2 e5 12. dxe5 Qxe5 13. Bf4 Qh5 14. Qxc4 g5 15. Bxc7 Be6 16. Qd4 Ng4 17. h4 gxh4 18.
gxh4 Rac8 19. Bg3 Rfd8 20. Qf4 Rd5 21. Nc3 Rf5 22. Qd4 Rc4 23. Qd8+ Kg7 24. e4 Rfc5 25. Rad1 h6 26. Rd4 Ne5 27. Rxc4 Nf3+ 28. Kg2 Bxc4 29. Rh1 Ne5 30. Qd4 Qf3+ 31. Kh2 f6 32. Bxe5 1-0

[Event "Late-Titled-Tuesday-Blitz-April-02-2024"]
[Site "Chess.com"]
[Date "2024.04.02"]
[Round "8"]
[White "CatLoverPL"]
[Black "egnfanclub"]
[Result "0-1"]
[WhiteElo "2481"]
[BlackElo "2381"]
[TimeControl "180+1"]
[EndTime "15:25:18 PDT"]
[Termination "egnfanclub won by resignation"]

1. g3 Nf6 2. Bg2 c5 3. c4 Nc6 4. Nf3 d5 5. cxd5 Nxd5 6. Nc3 Nc7 7. O-O e5 8. d3 Be7 9. Be3 O-O 10. a4 b6 11. Nd2 Bd7 12. Nc4 f6 13. a5 b5 14.
Nd2 Rb8 15. Nd5 Nxd5 16. Bxd5+ Kh8 17. a6 Nd4 18. Bxd4 exd4 19. Bf3 Rb6 20. Re1 Bc8 21. Bb7 Bxb7 22. axb7 Rxb7 23. Qb3 a5 24. Nf3 a4 25.
Qc2 Qd5 26. h4 h5 27. Qd2 Rd8 28. e4 dxe3 29. Rxe3 c4 30. d4 Bf8 31. Rae1 b4 32. Qc2 a3 33. bxa3 b3 34. Qg6 b2 35. Re8 Rxe8 36. Rxe8 Kg8 37. Re1 Qf7 38. Qc2 c3 39.
Qe4 Qb3 0-1

[Event "Late-Titled-Tuesday-Blitz-April-02-2024"]
[Site "Chess.com"]
[Date "2024.04.02"]
[Round "8"]
[White "Shahdad2007"]
[Black "DrKerfuffle"]
[Result "0-1"]
[WhiteElo "2607"]
[BlackElo "2800"]
[TimeControl "180+1"]
[EndTime "15:25:20 PDT"]
[Termination "DrKerfuffle won on time"]

1. Nf3 c5 2. c4 Nc6 3. Nc3 g6 4. g3 Bg7 5. Bg2 Nh6 6. O-O Nf5 7. Rb1 O-O 8. a3 e6 9. b4 b6 10. bxc5 bxc5 11. Bb2 Rb8 12. Ba1 Rxb1 13. Qxb1 d5 14. cxd5 exd5 15. e4 dxe4 16. Nxe4 Nfd4 17. Nxc5 Bf5 18. d3 Nxf3+ 19. Bxf3 Nd4 20. Bg2 Qd6 21. Bxd4 Qxd4 22. Qb4 Rc8 23. Qxd4 Bxd4 24. Ne4 Rc2 25. h3 Ra2 26. g4 Be6 27. Kh1 Rxa3 28. f4 Rxd3 29. f5 Bd5 30. fxg6 hxg6 31. Re1 Kg7 32. Ng5 Bxg2+ 33. Kxg2 a5 34. h4 a4 35. Re7 a3 36.
Rxf7+ Kg8 37. Rd7 a2 38. Rd8+ Kg7 0-1

[Event "Late-Titled-Tuesday-Blitz-April-02-2024"]
[Site "Chess.com"]
[Date "2024.04.02"]
[Round "8"]
[White "mishanick"]
[Black "Angry_Twin"]
[Result "1-0"]
[WhiteElo "3052"]
[BlackElo "2931"]
[TimeControl "180+1"]
[EndTime "15:25:21 PDT"]
[Termination "mishanick won by resignation"]

1. d4 Nf6 2. c4 e6 3. Nc3 Bb4 4. e3 O-O 5. Bd3 d5 6. Nf3 dxc4 7. Bxc4 b6 8. a3 Bxc3+ 9. bxc3 c5 10. O-O Qc7 11. Qe2 Bb7 12. Nd2 Rd8 13. Bb2 Nc6 14. f4 Na5 15. Bd3 Rac8 16. e4 cxd4 17. cxd4 Nc6 18.
Rac1 Nxd4 19. Bxd4 Qxc1 20. Rxc1 Rxc1+ 21. Nf1 Rxd4 22. Qe3 Rdc4 23. Bxc4 Rxc4 24. Qd3 Rc8 25. Ng3 h6 26. h3 Kf8 27. Qd6+ Ke8 28. Qd4 Bc6 29. f5 Rd8 30. Qc4 Bd7 31. e5 Nd5 32. Nh5 Ne3 33. Nxg7+ Kf8 34.
Qc7 1-0

[Event "Late-Titled-Tuesday-Blitz-April-02-2024"]
[Site "Chess.com"]
[Date "2024.04.02"]
[Round "8"]
[White "karinachess1"]
[Black "WCM-Mexicana"]
[Result "1-0"]
[WhiteElo "2619"]
[BlackElo "2446"]
[TimeControl "180+1"]
[EndTime "15:25:22 PDT"]
[Termination "karinachess1 won on time"]

1. d4 d5 2. c4 e6 3. Nc3 c6 4. e4 dxe4 5. Nxe4 Bb4+ 6. Nc3 c5 7.
a3 cxd4 8. axb4 dxc3 9. Qxd8+ Kxd8 10. bxc3 Nf6 11. Nf3 b6 12. Bf4 Nbd7 13. c5 bxc5 14.
bxc5 Nxc5 15. Ne5 Ke7 16. Nc6+ Ke8 17. Rxa7 Rxa7 18. Nxa7 Bb7 19. Nb5 Nd5 20. Bd6 Ne4 21.
Be5 f6 22. f3 Nc5 23. Bd4 1-0

[Event "Late-Titled-Tuesday-Blitz-April-02-2024"]
[Site "Chess.com"]
[Date "2024.04.02"]
[Round "8"]
[White "JaackCamel"]
[Black "dennisodessa"]
[Result "0-1"]
[WhiteElo "2207"]
[BlackElo "2548"]
[TimeControl "180+1"]
[EndTime "15:25:23 PDT"]
[Termination "dennisodessa won on time"]

1. d4 Nf6 2. c4 e6 3. Nc3 Bb4 4. Qc2 Nc6 5. Nf3 d6 6. Bg5 h6 7.
Bh4 g5 8. Bg3 g4 9. Nd2 Nxd4 10.
Qa4+ Bd7 11. Qd1 Nh5 12. e3 Nxg3 13. hxg3 Nf5 14. Qxg4 Bxc3 15. bxc3 Qf6 16. Rc1 O-O-O 17.
e4 Ne7 18. c5 dxc5 19. Be2 Bc6 20. Bf3 Ng6 21. Nc4 Bb5 22. Be2 h5 23. Rxh5 Bxc4 24.
Bxc4 Ne5 25. Rxe5 Rh1+ 26. Ke2 Rxc1 27. Qf4 Qxf4 28. gxf4 Rxc3 29. Bb3 c4 0-1

[Event "Late-Titled-Tuesday-Blitz-April-02-2024"]
[Site "Chess.com"]
[Date "2024.04.02"]
[Round "8"]
[White "BillCoe"]
[Black "Mariia89"]
[Result "1-0"]
[WhiteElo "2140"]
[BlackElo "2265"]
[TimeControl "180+1"]
[EndTime "15:25:24 PDT"]
[Termination "BillCoe won on time"]

1. e4 c6 2. d4 d5 3. exd5 cxd5 4. c3 Nf6 5. Bd3 Nc6 6. h3 h6 7. Nf3 e6 8. Bf4 Bd6 9. Bxd6 Qxd6 10. Nbd2 O-O 11. O-O e5 12. dxe5 Nxe5 13. Nxe5 Qxe5 14. Nf3 Qf4 15. Qc1 Qc7 16. Re1 Be6 17. Nd4 Bd7 18.
Qd2 Rfe8 19. Bc2 Ne4 20. Qe3 a6 21. Rad1 Rac8 22. Qf3 Nf6 23. Bf5 Bxf5 24. Nxf5 Kh8 25. Nxh6 Kh7 26. Ng4 Nxg4 27. Qxg4 Kg8 28. Qf5 Qc4 29.
Rxe8+ Rxe8 30. Qxd5 Re1+ 31. Kh2 Qf1 32. Qd8+ Kh7 33.
Qh4+ Kg6 34. Qg4+ Kh6 35. Rd6+ 1-0

[Event "Late-Titled-Tuesday-Blitz-April-02-2024"]
[Site "Chess.com"]
[Date "2024.04.02"]
[Round "8"]
[White "Oleg_Papayan"]
[Black "Viktoker"]
[Result "1-0"]
[WhiteElo "2693"]
[BlackElo "2517"]
[TimeControl "180+1"]
[EndTime "15:25:25 PDT"]
[Termination "Oleg_Papayan won by resignation"]

1. e4 c6 2. d4 d5 3. Nc3 dxe4 4. Nxe4 Nf6 5. Nxf6+ exf6 6. Bd3 Bd6 7. Qh5 Nd7 8.
Ne2 Nf8 9. O-O Ng6 10. c3 O-O 11. Be3 a5 12. a4 Re8 13. Rad1 Be6 14. c4 Qc7 15. Nc3 Rad8 16. d5 Bc8 17. c5 Be5 18. d6 Qd7 19. h3 Bxc3 20. bxc3 Re5 21. Qf3 Rde8 22. Bd4 Rg5 23. Bxg6 hxg6 24. Rfe1 Rxe1+ 25. Rxe1 Qxh3 26. Re8+ Kh7 27. Qxh3+ Bxh3 28. Kh2 Bf5 29. Re7 Rh5+ 30. Kg1 Kg8 31. d7 Bxd7 32. Rxd7 Rh4 33. Rd8+ Kh7 34. Rb8 Re4 35. Rxb7 Re1+ 36. Kh2 Ra1 37.
Rxf7 Rxa4 38. Bxf6 Kg8 39. Rxg7+ Kf8 1-0

[Event "Late-Titled-Tuesday-Blitz-April-02-2024"]
[Site "Chess.com"]
[Date "2024.04.02"]
[Round "8"]
[White "romulocardoso"]
[Black "Cuchulin"]
[Result "1-0"]
[WhiteElo "2414"]
[BlackElo "2146"]
[TimeControl "180+1"]
[EndTime "15:25:25 PDT"]
[Termination "romulocardoso won by resignation"]

1. e4 c5 2. Nf3 Nc6 3. d4 cxd4 4. Nxd4 g6 5. Be3 Bg7 6. Nc3 Nf6 7. f3 O-O 8. Qd2 d5 9. Nxc6 bxc6 10. O-O-O e6 11. h4 h5 12. Bh6 Bb7 13. Bxg7 Kxg7 14. e5 Nd7 15. g4 Nxe5 16. Qd4 f6 17. gxh5 gxh5 18. Bh3 Kf7 19. f4 Ng4 20. Rhf1 Rg8 21. Na4 Qd6 22. Nc5 Rab8 23. Rde1 Bc8 24. Nd3 Ba6 25. Qxa7+ Bb7 26. Nc5 Rge8 27. Nxb7 Qc7 28. Nd6+ 1-0

[Event "Late-Titled-Tuesday-Blitz-April-02-2024"]
[Site "Chess.com"]
[Date "2024.04.02"]
[Round "8"]
[White "Practical-Play"]
[Black "CarlosjPineror"]
[Result "0-1"]
[WhiteElo "2513"]
[BlackElo "2687"]
[TimeControl "180+1"]
[EndTime "15:25:29 PDT"]
[Termination "CarlosjPineror won by resignation"]

1. e4 c5 2. c3 e6 3. Nf3 Nf6 4. e5 Nd5 5. d4 cxd4 6. Bc4 Nb6 7.
Bb3 d5 8. cxd4 Nc6 9. Nc3 Be7 10. Bc2 a6 11. a3 Bd7 12. h4 h6 13. Rh3 Qc7 14.
h5 O-O-O 15. Rg3 Bf8 16. Bd3 Kb8 17. Be3 Na5 18. Rc1 Nac4 19. Qe2 Nxe3 20. fxe3 Rc8 21. Kf1 Qd8 22. Kg1 Be8 23. Nd2 f6 24. exf6 gxf6 25. Bg6 Bd6 26. Rf3 Rg8 27. Bxe8 Rxe8 28. e4 e5 29. dxe5 Rxe5 30. Rf5 d4 31. Na2 Rxc1+ 32.
Nxc1 Rxf5 33. exf5 Nd5 34. Qe4 Nf4 35. Nd3 Qc8 36.
Qxd4 Ne2+ 0-1

[Event "Late-Titled-Tuesday-Blitz-April-02-2024"]
[Site "Chess.com"]
[Date "2024.04.02"]
[Round "8"]
[White "Cluke86"]
[Black "rdarruda"]
[Result "0-1"]
[WhiteElo "2326"]
[BlackElo "2481"]
[TimeControl "180+1"]
[EndTime "15:25:29 PDT"]
[Termination "rdarruda won by checkmate"]

1. e4 c5 2. Nc3 e6 3. Nge2 d6 4. g3 Nf6 5. Bg2 Nc6 6. O-O Be7 7. f4 O-O 8. d3 Qc7 9. h3 Bd7 10. g4 Nd4 11. Ng3 Bc6 12. g5 Nd7 13. h4 f5 14.
exf5 Nxf5 15. Qg4 Bxg2 16. Kxg2 g6 17. Bd2 Qc6+ 18. Kh3 c4 19. Rae1 cxd3 20. cxd3 d5 21. h5 Nc5 22. Qe2 Rae8 23. h6 Bd6 24. Rc1 Qd7 25.
Rf3 e5 26. Qf2 e4 27. dxe4 dxe4 28. Ngxe4 Nxe4 29. Nxe4 Rxe4 30. Kg2 Rfe8 31. Bc3 Re2 32. Rd1 Rxf2+ 33. Rxf2 Qc6+ 34. Kh2 Bxf4+ 35. Rxf4 Re2+ 36. Kh3 Qg2# 0-1

[Event "Late-Titled-Tuesday-Blitz-April-02-2024"]
[Site "Chess.com"]
[Date "2024.04.02"]
[Round "8"]
[White "Rsnr"]
[Black "xasid81"]
[Result "1-0"]
[WhiteElo "2879"]
[BlackElo "2651"]
[TimeControl "180+1"]
[EndTime "15:25:33 PDT"]
[Termination "Rsnr won by resignation"]

1. d4 d5 2. c4 c6 3. Nf3 Nf6 4.
Qc2 e6 5. Bf4 Nbd7 6. e3 Be7 7.
Nc3 O-O 8. Bd3 b6 9. O-O Bb7 10.
Rfd1 h6 11. h3 Rc8 12. Qe2 Qe8 13. e4 dxe4 14. Nxe4 Nxe4 15. Bxe4 Nf6 16. Bc2 c5 17. Rd2 cxd4 18. Nxd4 Bb4 19. Rdd1 Qe7 20. Nb5 Rcd8 21. a3 a6 22. axb4 axb5 23. cxb5 Qxb4 24. Be5 Rd5 25. Bxf6 gxf6 26. Rxd5 Bxd5 27. Ra4 Qc5 28. Rg4+ Kh8 29.
Qd2 Qxc2 30. Qxh6+ Qh7 31. Qxf8+ 1-0

[Event "Late-Titled-Tuesday-Blitz-April-02-2024"]
[Site "Chess.com"]
[Date "2024.04.02"]
[Round "8"]
[White "nabukatnezarr"]
[Black "stollenmonster"]
[Result "0-1"]
[WhiteElo "2636"]
[BlackElo "2865"]
[TimeControl "180+1"]
[EndTime "15:25:34 PDT"]
[Termination "stollenmonster won on time"]

1. Nf3 Nf6 2. g3 e6 3. Bg2 d5 4. O-O Be7 5. d3 O-O 6. Nbd2 d4 7. c3 c5 8. Ne5 Nbd7 9. Ndc4 Nxe5 10. Nxe5 Nd7 11.
Nxd7 Qxd7 12. cxd4 cxd4 13. Bf4 Bd6 14. Rc1 Bxf4 15.
gxf4 Qd6 16. Qd2 e5 17. fxe5 Qxe5 18. Rc2 Be6 19. b3 Rad8 20. Rfc1 b6 21. Rc7 Rd6 22. f4 Qh5 23. R1c6 Rxc6 24. Rxc6 Bd5 25. Bxd5 Qxd5 26. Rc7 Re8 27. Qb4 h6 28. Re7 Rc8 29. Qd2 Qf5 30. Re5 Qg4+ 31. Kf2 Qh3 32. Kg1 Rc6 33. f5 Qg4+ 34. Kf2 Rf6 35. Qb4 Qf4+ 0-1

[Event "Late-Titled-Tuesday-Blitz-April-02-2024"]
[Site "Chess.com"]
[Date "2024.04.02"]
[Round "8"]
[White "arturdailima"]
[Black "N_Mullodzhanov"]
[Result "0-1"]
[WhiteElo "2388"]
[BlackElo "2548"]
[TimeControl "180+1"]
[EndTime "15:25:36 PDT"]
[Termination "N_Mullodzhanov won by resignation"]

1. Nf3 d5 2. c4 c6 3. e3 Nf6 4.
Nc3 g6 5. b3 Bg7 6. Bb2 O-O 7.
Be2 Re8 8. O-O e5 9. d3 Nbd7 10. Qc2 Nc5 11. b4 Ncd7 12. e4 d4 13. Nb1 a5 14. a3 axb4 15. axb4 Rxa1 16. Bxa1 Qb6 17. Qb3 Nc5 18. Qa3 Na6 19. b5 cxb5 20. cxb5 Qxb5 21. Nbd2 Qc5 22. Qb2 Qb4 23. Qc2 Bd7 24. Rb1 Qa5 25.
Nc4 Qc7 26. Qa2 Be6 27. Bb2 Nd7 28. Ba3 Nac5 29. Qc2 Ra8 30. Bb4 h6 31. h3 Kh7 32.
Rc1 Rc8 33. Qd1 Bf8 34. Qc2 Nxd3 35. Bxd3 Bxb4 36. Qb3 Bf8 37. Rc2 Nc5 38. Qa3 Nxd3 39. Qxd3 Bxc4 0-1

[Event "Late-Titled-Tuesday-Blitz-April-02-2024"]
[Site "Chess.com"]
[Date "2024.04.02"]
[Round "8"]
[White "Byniolus"]
[Black "giomar27"]
[Result "1-0"]
[WhiteElo "2786"]
[BlackElo "2502"]
[TimeControl "180+1"]
[EndTime "15:25:38 PDT"]
[Termination "Byniolus won by resignation"]

1. d4 Nf6 2. Nf3 d6 3. Bf4 Bf5 4. e3 Nbd7 5. h3 c6 6. Nbd2 Qc7 7. Bh2 e5 8. Be2 Be7 9. O-O O-O 10. Nc4 e4 11. Nfd2 b5 12. Na3 Qb7 13. c4 b4 14.
Nc2 d5 15. Rc1 a5 16. a4 Rfc8 17. c5 Be6 18. f3 Bf5 19. fxe4 Bxe4 20. Nxe4 Nxe4 21.
Ne1 Bg5 22. Qd3 Ndf6 23. Nf3 Bh6 24. Rce1 Rf8 25. Ne5 Rae8 26. Rf3 Nxc5 27. dxc5 Ne4 28. Ng4 Bg5 29. Qc2 Qe7 30. Rc1 h5 31. Ne5 Qe6 32. Bd3 f5 33. Rcf1 g6 34. Kh1 Kg7 35.
Bxe4 dxe4 36. R3f2 Bf6 37. Nc4 Qd5 38. Nxa5 Rd8 39.
b3 Qd3 40. Qxd3 Rxd3 41. Nxc6 Rxb3 42. Be5 Ra8 43. Bxf6+ Kxf6 44. Nd4 Rxe3 45. Rc1 Rc3 46. Rxc3 bxc3 47. Rc2 Rxa4 48. Nb5 Rb4 49. Nxc3 Rc4 50. Nd5+ Ke5 51. Rxc4 Kxd5 52. Rc1 f4 53. c6 1-0

[Event "Late-Titled-Tuesday-Blitz-April-02-2024"]
[Site "Chess.com"]
[Date "2024.04.02"]
[Round "8"]
[White "GaiozNigalidze"]
[Black "FairChess_on_YouTube"]
[Result "0-1"]
[WhiteElo "2725"]
[BlackElo "3044"]
[TimeControl "180+1"]
[EndTime "15:25:39 PDT"]
[Termination "FairChess_on_YouTube won by resignation"]

1. e4 c5 2. Nf3 Nc6 3. Bb5 Nf6 4. Nc3 g6 5. O-O Bg7 6. Bxc6 dxc6 7. d3 Bg4 8. h3 Bxf3 9. Qxf3 Nd7 10. Be3 O-O 11. Qe2 e5 12. Kh1 Re8 13. Rae1 b6 14. f4 exf4 15. Bxf4 Nf8 16. Rf2 Ne6 17. Be3 Nd4 18. Bxd4 Qxd4 19. Ref1 Re7 20. a3 Rf8 21. Qg4 c4 22.
Qe2 b5 23. dxc4 Qxc4 24. Qxc4 bxc4 25. Rd1 Rb8 26. Na4 Rxe4 27. Nc5 Rd4 28. Rdf1 Rd5 29. b4 cxb3 30. Nxb3 f5 31. Re2 Kf7 32. g3 a5 33.
Kg2 a4 34. Nd2 Rb2 35. Nc4 Ra2 36. Rf4 Bf8 37. Nb6 Rc5 38. Rxa4 Rcxc2 39. Rxc2 Rxc2+ 40. Kf3 Bc5 41. Ra7+ Ke6 0-1

[Event "Late-Titled-Tuesday-Blitz-April-02-2024"]
[Site "Chess.com"]
[Date "2024.04.02"]
[Round "8"]
[White "ProfessorChess101"]
[Black "MasterSonnevanck23"]
[Result "1-0"]
[WhiteElo "2754"]
[BlackElo "2403"]
[TimeControl "180+1"]
[EndTime "15:25:39 PDT"]
[Termination "ProfessorChess101 won by resignation"]

1. d4 Nf6 2. Nf3 d5 3. c4 e6 4. Nc3 Be7 5. Bf4 O-O 6. e3 a6 7.
Rc1 dxc4 8. Bxc4 b5 9. Be2 Bb7 10. O-O Nbd7 11. Ne5 c5 12. Bf3 Bxf3 13. Qxf3 Nxe5 14.
Bxe5 Nd7 15. Bg3 cxd4 16. exd4 Nf6 17. Rfd1 b4 18. Nb1 Nd5 19. Nd2 Bg5 20. Be5 Bxd2 21. Rxd2 Qg5 22. Rdc2 a5 23. g3 a4 24. h4 Qg6 25.
Rc4 a3 26. b3 h6 27. Bd6 Rfd8 28.
Bxb4 h5 29. Bd2 Rdb8 30. Rc5 Nf6 31. Bf4 Ne4 32. Bxb8 Nxc5 33. Qxa8 1-0

[Event "Late-Titled-Tuesday-Blitz-April-02-2024"]
[Site "Chess.com"]
[Date "2024.04.02"]
[Round "8"]
[White "GMAkobianSTL"]
[Black "GMBenjaminBok"]
[Result "1-0"]
[WhiteElo "2807"]
[BlackElo "3005"]
[TimeControl "180+1"]
[EndTime "15:25:42 PDT"]
[Termination "GMAkobianSTL won by checkmate"]

1. d4 Nf6 2. c4 e6 3. Nf3 b6 4. a3 Bb7 5. Nc3 d5 6. Bg5 Be7 7. e3 O-O 8. Bxf6 Bxf6 9. cxd5 exd5 10. b4 c5 11. bxc5 bxc5 12. Rb1 Qe7 13. Be2 cxd4 14. Nxd4 Qxa3 15. Rb3 Qe7 16. O-O Na6 17. Bxa6 Bxa6 18. Nxd5 Qd6 19. Nxf6+ Qxf6 20. Re1 Rfb8 21. Ra3 g6 22.
Qa1 Rb6 23. h3 Kg7 24. Rc1 Bb7 25. Rc7 Be4 26. Rb3 Rxb3 27. Ne6+ Kh6 28. Qxf6 fxe6 29. Qh4# 1-0

[Event "Late-Titled-Tuesday-Blitz-April-02-2024"]
[Site "Chess.com"]
[Date "2024.04.02"]
[Round "8"]
[White "Indefatigable11"]
[Black "Romkachess"]
[Result "0-1"]
[WhiteElo "2251"]
[BlackElo "2684"]
[TimeControl "180+1"]
[EndTime "15:25:49 PDT"]
[Termination "Romkachess won by resignation"]

1. d4 Nf6 2. c4 e6 3. Nc3 Bb4 4. e3 O-O 5. Bd2 c5 6. a3 Bxc3 7. Bxc3 cxd4 8. Bxd4 Nc6 9. Bc3 d5 10. Nf3 Re8 11. Bd3 e5 12. cxd5 Nxd5 13. Bc2 Nxc3 14. Qxd8 Rxd8 15. bxc3 Be6 16. O-O f6 17. Rfd1 Na5 18.
Nd2 Rac8 19. Ne4 b6 20. Ba4 Rxd1+ 21. Rxd1 Nc4 22. Bd7 Bxd7 23. Rxd7 Nxa3 24. Nd6 Ra8 25. Nf5 g6 26. Nh6+ Kh8 27. Nf7+ Kg8 28. Nh6+ Kf8 29.
Rxh7 Rd8 30. h4 a5 31. Rf7+ Ke8 32. Rxf6 Rd1+ 33. Kh2 Nc4 34. Rxg6 a4 35. Rg8+ Ke7 36. Ra8 a3 37. h5 Rd2 38. Nf5+ Kf6 39. h6 Kg6 40. Ra7 Kxf5 41. h7 Rd8 42. Rg7 Rh8 43. g4+ Ke4 44. g5 a2 45. Ra7 Rxh7+ 46. Kg2 Rxa7 0-1